TOP OF THE 1ST |
Tulsa Drillers batting - Pitching for Biloxi Shuckers : RHP Aaron Saenz
|
Pitching: RHP Aaron Saenz
|
|
Batting: RHB Josh Crenwelge
|
0-0: Ground out 6-3 (Groundball, 6S, EV 70.0 MPH)
|
Batting: SHB Nate Kopchak
|
0-0: Ball 1-0: Ground out 6-3 (Groundball, 6S, EV 81.2 MPH)
|
Batting: LHB Kevin Wiebe
|
0-0: Ball 1-0: Foul Ball, location: 2F 1-1: Foul Ball, location: 2F 1-2: Strikes out swinging
|
Top of the 1st over - 0 runs, 0 hits, 0 errors, 0 left on base; Tulsa 0 - Biloxi 0 |
BOTTOM OF THE 1ST |
Biloxi Shuckers batting - Pitching for Tulsa Drillers : RHP Eddie Usrey
|
Pitching: RHP Eddie Usrey
|
|
Batting: RHB Hector Silva
|
0-0: Foul Ball, location: 2F 0-1: Ball 1-1: Foul Ball, location: 2F 1-2: Ball 2-2: Foul Ball, location: 2F 2-2: Ball 3-2: Foul Ball, location: 2F 3-2: Foul Ball, location: 2F 3-2: Base on Balls
|
Batting: LHB Jason Raker
|
0-0: Called Strike 0-1: Ball 1-1: Swinging Strike 1-2: Ball 2-2: Ball 3-2: Strikes out swinging Hector Silva is caught stealing 2nd base 2-6 Batter strikes out.
|
Batting: SHB Orlando Torres
|
0-0: Ball 1-0: Fly out, F9 (Flyball, 89S, EV 93.1 MPH)
|
Bottom of the 1st over - 0 runs, 0 hits, 0 errors, 0 left on base; Tulsa 0 - Biloxi 0 |
TOP OF THE 2ND |
Tulsa Drillers batting - Pitching for Biloxi Shuckers : RHP Aaron Saenz
|
Batting: LHB Chris Buchan
|
0-0: Ball 1-0: Called Strike 1-1: Ball 2-1: Foul Ball, location: 2F 2-2: Foul Ball, location: 2F 2-2: Fly out, F9 (Flyball, 9, EV 88.8 MPH)
|
Batting: RHB Marcos Villalobos
|
0-0: Called Strike 0-1: Ball 1-1: Foul Ball, location: 2F 1-2: Strikes out swinging
|
Batting: RHB Aaron Burress
|
0-0: Ball 1-0: Foul Ball, location: 2F 1-1: Fly out, F8 (Line Drive, 89D, EV 88.1 MPH)
|
Top of the 2nd over - 0 runs, 0 hits, 0 errors, 0 left on base; Tulsa 0 - Biloxi 0 |
BOTTOM OF THE 2ND |
Biloxi Shuckers batting - Pitching for Tulsa Drillers : RHP Eddie Usrey
|
Batting: SHB Justin Hensley
|
0-0: Called Strike 0-1: Ball 1-1: Foul Ball, location: 2F 1-2: Foul Ball, location: 2F 1-2: Ball 2-2: Ball 3-2: Fly out, F8 (Flyball, 8LD, EV 96.9 MPH)
|
Batting: RHB Eddie McCoy
|
0-0: Ball 1-0: Foul Ball, location: 2F 1-1: Ball 2-1: Foul Ball, location: 2F 2-2: Foul Ball, location: 2F 2-2: Ball 3-2: Foul Ball, location: 2F 3-2: Base on Balls
|
Batting: RHB Herb McIntyre
|
0-0: Ball 1-0: Called Strike 1-1: Fly out, F9 (Line Drive, 9, EV 85.0 MPH)
|
Batting: RHB Ben Taylor
|
0-0: Ball Passed Ball! Eddie McCoy to second 1-0: Foul Ball, location: 2F 1-1: Swinging Strike 1-2: Ball 2-2: Foul Ball, location: 2F 2-2: Foul Ball, location: 2F 2-2: Foul Ball, location: 2F 2-2: Ball 3-2: Base on Balls
|
Batting: RHB Brian Landrum
|
0-0: Called Strike 0-1: Ball 1-1: Ball 2-1: Foul Ball, location: 2F 2-2: Ball 3-2: Foul Ball, location: 2F 3-2: Ground out 4-3 (Groundball, 34, EV 103.1 MPH)
|
Bottom of the 2nd over - 0 runs, 0 hits, 0 errors, 2 left on base; Tulsa 0 - Biloxi 0 |
TOP OF THE 3RD |
Tulsa Drillers batting - Pitching for Biloxi Shuckers : RHP Aaron Saenz
|
Batting: RHB Tony Rivera
|
0-0: Called Strike 0-1: Ground out 4-3 (Groundball, 34, EV 82.5 MPH)
|
Batting: RHB Nick Getz
|
0-0: Fly out, F8 (Flyball, 89XD, EV 94.4 MPH)
|
Batting: RHB Kyle Garrett
|
0-0: Foul Ball, location: 2F 0-1: Ball 1-1: Ball 2-1: Ground out 6-3 (Groundball, 6, EV 85.6 MPH)
|
Top of the 3rd over - 0 runs, 0 hits, 0 errors, 0 left on base; Tulsa 0 - Biloxi 0 |
BOTTOM OF THE 3RD |
Biloxi Shuckers batting - Pitching for Tulsa Drillers : RHP Eddie Usrey
|
Batting: RHB Josh Nelson
|
0-0: Called Strike 0-1: Ball 1-1: Foul Ball, location: 2F 1-2: Ground out 5-3 (Groundball, 56S, EV 78.8 MPH)
|
Batting: RHB Hector Silva
|
0-0: Swinging Strike 0-1: Called Strike 0-2: Ball 1-2: Ball 2-2: Ball 3-2: Foul Ball, location: 2F 3-2: Base on Balls
|
Batting: LHB Jason Raker
|
0-0: Called Strike 0-1: Ball 1-1: Foul Ball, location: 2F 1-2: Strikes out looking
|
Batting: SHB Orlando Torres
|
0-0: Foul Ball, location: 2F 0-1: Ball 1-1: Ball 2-1: Called Strike Hector Silva steals 2nd base 2-2: DOUBLE (Groundball, 3L, EV 108.1 MPH) Hector Silva scores
|
Batting: SHB Justin Hensley
|
0-0: Foul Ball, location: 2F 0-1: Swinging Strike 0-2: Ball 1-2: Ball 2-2: Hit by Pitch
|
Batting: RHB Eddie McCoy
|
0-0: Fielders Choice at 2nd, 6-4 (Groundball, 6D, EV 90.0 MPH)
|
Bottom of the 3rd over - 1 run, 1 hit, 0 errors, 2 left on base; Tulsa 0 - Biloxi 1 |
TOP OF THE 4TH |
Tulsa Drillers batting - Pitching for Biloxi Shuckers : RHP Aaron Saenz
|
Batting: RHB Josh Crenwelge
|
0-0: Ball 1-0: Called Strike 1-1: Foul Ball, location: 2F 1-2: Foul Ball, location: 2F 1-2: Foul Ball, location: 2F 1-2: Strikes out swinging
|
Batting: SHB Nate Kopchak
|
0-0: Called Strike 0-1: Ball 1-1: Called Strike 1-2: Ball 2-2: Fly out, F9 (Flyball, 9LMF, EV 91.9 MPH)
|
Batting: LHB Kevin Wiebe
|
0-0: Swinging Strike 0-1: Ball 1-1: Swinging Strike 1-2: Ball 2-2: Ball 3-2: Foul Ball, location: 2F 3-2: Base on Balls
|
Batting: LHB Chris Buchan
|
0-0: Called Strike 0-1: Ball 1-1: Ball 2-1: Called Strike 2-2: Ball 3-2: Foul Ball, location: 2F 3-2: Strikes out looking
|
Top of the 4th over - 0 runs, 0 hits, 0 errors, 1 left on base; Tulsa 0 - Biloxi 1 |
BOTTOM OF THE 4TH |
Biloxi Shuckers batting - Pitching for Tulsa Drillers : RHP Eddie Usrey
|
Batting: RHB Herb McIntyre
|
0-0: Called Strike 0-1: Foul Ball, location: 2F 0-2: Ball 1-2: Ball 2-2: Foul Ball, location: 2F 2-2: Foul Ball, location: 2F 2-2: Ball 3-2: Fly out, F7 (Flyball, 7S, EV 75.0 MPH)
|
Batting: RHB Ben Taylor
|
0-0: Fly out, F3 (Popup, 3, EV 71.9 MPH)
|
Batting: RHB Brian Landrum
|
0-0: Ball 1-0: Fly out, F9 (Flyball, 9S, EV 78.1 MPH)
|
Bottom of the 4th over - 0 runs, 0 hits, 0 errors, 0 left on base; Tulsa 0 - Biloxi 1 |
TOP OF THE 5TH |
Tulsa Drillers batting - Pitching for Biloxi Shuckers : RHP Aaron Saenz
|
Batting: RHB Marcos Villalobos
|
0-0: Ball 1-0: Ball 2-0: Ball 3-0: Called Strike 3-1: Ground out U3 (Groundball, 3S, EV 70.6 MPH)
|
Batting: RHB Aaron Burress
|
0-0: Foul Ball, location: 2F 0-1: Ball 1-1: Swinging Strike 1-2: Strikes out swinging
|
Batting: RHB Tony Rivera
|
0-0: Called Strike 0-1: Ground out 4-3 (Groundball, 4, EV 88.8 MPH)
|
Top of the 5th over - 0 runs, 0 hits, 0 errors, 0 left on base; Tulsa 0 - Biloxi 1 |
BOTTOM OF THE 5TH |
Biloxi Shuckers batting - Pitching for Tulsa Drillers : RHP Eddie Usrey
|
Batting: RHB Josh Nelson
|
0-0: Foul Ball, location: 2F 0-1: Ball 1-1: Ball 2-1: Ground out 6-3 (Groundball, 6MS, EV 69.4 MPH)
|
Batting: RHB Hector Silva
|
0-0: Swinging Strike 0-1: Swinging Strike 0-2: Strikes out looking
|
Batting: LHB Jason Raker
|
0-0: Called Strike 0-1: Called Strike 0-2: Ground out 4-3 (Groundball, 4, EV 88.1 MPH)
|
Bottom of the 5th over - 0 runs, 0 hits, 0 errors, 0 left on base; Tulsa 0 - Biloxi 1 |
TOP OF THE 6TH |
Tulsa Drillers batting - Pitching for Biloxi Shuckers : RHP Aaron Saenz
|
Batting: RHB Nick Getz
|
0-0: Called Strike 0-1: Ball 1-1: Ball 2-1: Ground out 5-3 (Groundball, 15, EV 91.9 MPH)
|
Batting: RHB Kyle Garrett
|
0-0: Foul Ball, location: 2F 0-1: Fly out, F3 (Popup, 3SF, EV 86.9 MPH)
|
Batting: RHB Josh Crenwelge
|
0-0: Ball 1-0: Foul Ball, location: 2F 1-1: Ball 2-1: DOUBLE (Groundball, 5L, EV 95.0 MPH)
|
Batting: SHB Nate Kopchak
|
0-0: Ball 1-0: Called Strike 1-1: Foul Ball, location: 2F 1-2: Foul Ball, location: 2F 1-2: Fly out, F7 (Flyball, 78M, EV 86.2 MPH)
|
Top of the 6th over - 0 runs, 1 hit, 0 errors, 1 left on base; Tulsa 0 - Biloxi 1 |
BOTTOM OF THE 6TH |
Biloxi Shuckers batting - Pitching for Tulsa Drillers : RHP Eddie Usrey
|
Batting: SHB Orlando Torres
|
0-0: Ball 1-0: Called Strike 1-1: Fly out, F9 (Line Drive, 89M, EV 93.8 MPH)
|
Batting: SHB Justin Hensley
|
0-0: Ball 1-0: Called Strike 1-1: Called Strike 1-2: DOUBLE (Line Drive, 8LXD, EV 105.0 MPH)
|
Pitching: LHP William Lobo
|
|
Batting: RHB Eddie McCoy
|
0-0: Ball 1-0: Ball 2-0: Foul Ball, location: 2F 2-1: Ball 3-1: Base on Balls
|
Batting: RHB Herb McIntyre
|
0-0: Ball 1-0: Called Strike 1-1: DOUBLE (Groundball, 5L, EV 105.6 MPH) Justin Hensley scores Eddie McCoy to third
|
Batting: RHB Ben Taylor
|
0-0: Ball 1-0: Called Strike 1-1: Foul Ball, location: 2F 1-2: Strikes out looking
|
Batting: RHB Brian Landrum
|
0-0: Ball 1-0: Ball 2-0: SINGLE (Groundball, 56D, EV 107.5 MPH) Eddie McCoy scores Herb McIntyre to third Runner from 3rd tries for Home, SAFE, throw by LF to home
|
Batting: RHB Josh Nelson
|
0-0: Ball 1-0: Ball 2-0: Ball Balk! Brian Landrum to second 3-0: Called Strike 3-1: Called Strike 3-2: Foul Ball, location: 2F 3-2: SINGLE (Flyball, 89S, EV 98.1 MPH) Brian Landrum to third Runner from 3rd tries for Home, SAFE, throw by RF to home
|
Pitching: RHP Nobuharu Kobayashi
|
|
Batting: RHB Hector Silva
|
0-0: Ball 1-0: Foul Ball, location: 2F 1-1: SINGLE (Groundball, 6MS, EV 71.9 MPH) (infield hit) Josh Nelson to second
|
Batting: LHB Jason Raker
|
0-0: Ball 1-0: Called Strike 1-1: Foul Ball, location: 2F 1-2: SINGLE (Groundball, 25, EV 64.4 MPH) (infield hit) Josh Nelson to third Hector Silva to second
|
Batting: SHB Orlando Torres
|
0-0: Called Strike 0-1: SINGLE (Line Drive, 5D, EV 105.6 MPH) Josh Nelson scores Hector Silva to third Jason Raker to second Runner from 3rd tries for Home, SAFE, throw by LF to home
|
Batting: SHB Justin Hensley
|
0-0: Ball 1-0: Ball 2-0: Ball 3-0: Base on Balls Jason Raker to third Orlando Torres to second
|
Batting: RHB Eddie McCoy
|
0-0: Ball 1-0: Ball 2-0: Foul Ball, location: 2F 2-1: Ball 3-1: Fly out, F8 (Flyball, 8LS, EV 87.5 MPH)
|
Bottom of the 6th over - 6 runs, 7 hits, 0 errors, 3 left on base; Tulsa 0 - Biloxi 7 |
TOP OF THE 7TH |
Tulsa Drillers batting - Pitching for Biloxi Shuckers : RHP Aaron Saenz
|
Batting: LHB Kevin Wiebe
|
0-0: Hit by Pitch
|
Batting: LHB Chris Buchan
|
0-0: Ball 1-0: Ball 2-0: Called Strike 2-1: Swinging Strike 2-2: Foul Ball, location: 2F 2-2: Ball 3-2: Strikes out swinging
|
Batting: RHB Marcos Villalobos
|
0-0: Ball 1-0: Called Strike 1-1: Foul Ball, location: 2F 1-2: Foul Ball, location: 2F 1-2: Strikes out swinging
|
Batting: RHB Aaron Burress
|
0-0: Fielders Choice at 2nd, 5-4 (Groundball, 56, EV 91.2 MPH)
|
Top of the 7th over - 0 runs, 0 hits, 0 errors, 1 left on base; Tulsa 0 - Biloxi 7 |
BOTTOM OF THE 7TH |
Biloxi Shuckers batting - Pitching for Tulsa Drillers : RHP Nobuharu Kobayashi
|
Batting: RHB Herb McIntyre
|
0-0: Ball 1-0: Called Strike 1-1: Foul Ball, location: 2F 1-2: Ball 2-2: Strikes out swinging
|
Batting: RHB Ben Taylor
|
0-0: Ball 1-0: Foul Ball, location: 2F 1-1: Foul Ball, location: 2F 1-2: Strikes out swinging
|
Batting: RHB Brian Landrum
|
0-0: Ball 1-0: Ball 2-0: Fly out, F9 (Flyball, 9S, EV 90.6 MPH)
|
Bottom of the 7th over - 0 runs, 0 hits, 0 errors, 0 left on base; Tulsa 0 - Biloxi 7 |
TOP OF THE 8TH |
Tulsa Drillers batting - Pitching for Biloxi Shuckers : RHP Aaron Saenz
|
Pitching: RHP Ronnie DeVries
|
|
Batting: RHB Tony Rivera
|
0-0: Ball 1-0: Foul Ball, location: 2F 1-1: Ball 2-1: Fly out, F8 (Line Drive, 8RM, EV 99.4 MPH)
|
Pinch Hitting: RHB Jonathan Kirsch
|
0-0: Fly out, F9 (Flyball, 9D, EV 77.5 MPH)
|
Batting: RHB Kyle Garrett
|
0-0: Fly out, F8 (Flyball, 8LD, EV 107.5 MPH)
|
Top of the 8th over - 0 runs, 0 hits, 0 errors, 0 left on base; Tulsa 0 - Biloxi 7 |
BOTTOM OF THE 8TH |
Biloxi Shuckers batting - Pitching for Tulsa Drillers : RHP Nobuharu Kobayashi
|
Now in LF: Chris Barrera
|
|
Batting: RHB Josh Nelson
|
0-0: Ground out 6-3 (Groundball, 6S, EV 85.0 MPH)
|
Batting: RHB Hector Silva
|
0-0: Ball 1-0: Foul Ball, location: 2F 1-1: TRIPLE (Flyball, 7LD, EV 111.2 MPH)
|
Batting: LHB Jason Raker
|
0-0: Called Strike 0-1: Ball 1-1: Called Strike 1-2: Strikes out looking
|
Batting: SHB Orlando Torres
|
0-0: Ground out 4-3 (Groundball, 4D, EV 101.9 MPH)
|
Bottom of the 8th over - 0 runs, 1 hit, 0 errors, 1 left on base; Tulsa 0 - Biloxi 7 |
TOP OF THE 9TH |
Tulsa Drillers batting - Pitching for Biloxi Shuckers : RHP Ronnie DeVries
|
Batting: RHB Josh Crenwelge
|
0-0: Called Strike 0-1: Foul Ball, location: 2F 0-2: Ball 1-2: Ball 2-2: Ground out 6-3 (Groundball, 6M, EV 86.9 MPH)
|
Batting: SHB Nate Kopchak
|
0-0: Ground out 2-3 (Groundball, 2R, EV 69.4 MPH)
|
Batting: LHB Kevin Wiebe
|
0-0: Swinging Strike 0-1: Ball 1-1: Called Strike 1-2: Ball 2-2: Foul Ball, location: 2F 2-2: DOUBLE (Line Drive, 89D, EV 104.4 MPH)
|
Batting: LHB Chris Buchan
|
0-0: Ball 1-0: Called Strike 1-1: SINGLE (Line Drive, 3L, EV 96.2 MPH) Kevin Wiebe to third
|
Batting: RHB Marcos Villalobos
|
0-0: Ball 1-0: Ball 2-0: Ball 3-0: Base on Balls Chris Buchan to second
|
Batting: RHB Aaron Burress
|
0-0: Called Strike 0-1: Ball 1-1: Swinging Strike 1-2: Ball 2-2: Strikes out looking
|
Top of the 9th over - 0 runs, 2 hits, 0 errors, 3 left on base; Tulsa 0 - Biloxi 7 |
|